 Dungeon Crawl Stone Soup version 0.31-a0-246-g8cbcc1cb85 (webtiles) character file.

Game seed: 18210982134172247274

3138 Vomitron the Fighter (level 9, -2/81 HPs)
             Began as a Hill Orc Monk on July 12, 2023.
             Was an Elder of Cheibriados.
             Slain by a komodo dragon (27 damage)
             ... on level 8 of the Dungeon.
             The game lasted 00:13:00 (6442 turns).

Vomitron the Fighter (Hill Orc Monk)                Turns: 6442, Time: 00:13:02

Health: -2/81      AC: 13    Str: 28    XL:     9   Next: 92%
Magic:  9/14       EV:  8    Int: 20    God:    Cheibriados [****..]
Gold:   456        SH: 19    Dex: 23    Spells: 8/8 levels left

rFire   . . .        C - +2 trident (spect)
rCold   . . .        k - +2 tower shield
rNeg    . . .        g - +0 chain mail
rPois   .            h - +1 helmet
rElec   .            y - scarf {shadows}
rCorr   .            B - +0 pair of gloves
SInv    .            (no boots)
Will    .....        (no amulet) Stlth
                     (no ring)
HPRegen 0.33/turn    (no ring)
MPRegen 0.14/turn

%: no passive effects
@: very slow
A: no striking features
a: Renounce Religion, Bend Time, Temporal Distortion, Slouch


You were on level 8 of the Dungeon.
You worshipped Cheibriados.
Cheibriados was greatly pleased with you.
You visited 1 branch of the dungeon, and saw 8 of its levels.

You collected 456 gold pieces.

Inventory:

Hand Weapons
 a - a +0 falchion
 n - the +6 whip of Wyma {flame, rC+ Int+2}
   (You found it on level 6 of the Dungeon)

   Int:       It affects your intelligence (+2).
   rC:        It protects you from cold.
 p - a +2 spear of flaming
 C - a +2 spectral trident (weapon)
Missiles
 z - a throwing net
Armour
 b - a +0 robe
 d - an orb of light
 g - a +0 chain mail (worn)
 h - a +1 helmet (worn)
 k - a +2 tower shield (worn)
 y - a scarf of shadows (worn)
 B - a +0 pair of gloves (worn)
Jewellery
 q - an amulet of guardian spirit
 t - a ring of fire
Wands
 o - a wand of flame (31)
 w - a wand of iceblast (28)
 A - a wand of paralysis (9)
Scrolls
 e - 3 scrolls of teleportation
 j - 2 scrolls of revelation
 m - 4 scrolls of identify
 s - 3 scrolls of enchant armour
Potions
 c - a potion of ambrosia
 f - 3 potions of attraction
 i - 3 potions of haste
 l - 2 potions of lignification
 r - a potion of berserk rage
 u - a potion of heal wounds
 v - 2 potions of enlightenment
 x - a potion of resistance
 D - 2 potions of magic {unknown}
 E - a potion of might {unknown}


   Skills:
 + Level 8.1 Fighting
 - Level 4.1 Long Blades
 + Level 6.2 Polearms
 + Level 6.5 Armour
 - Level 2.4 Dodging
 + Level 6.3 Shields
 + Level 7.5 Invocations


You had 8 spell levels left.
You didn't know any spells.
Your spell library contained the following spells:

 Spells                   Type           Power      Damage    Failure   Level
 Ignite Poison            Fire/Tmut/Pois 0%         N/A       100%        3
 Summon Guardian Golem    Hex/Summ       0%         N/A       100%        3
 Sticky Flame             Conj/Fire      0%         2d3       100%        4
 Orb of Destruction       Conj           0%         9d5       100%        7
 Spellforged Servitor     Conj/Summ      0%         N/A       100%        7
 Ignition                 Fire           0%         3d3       100%        8


Dungeon Overview and Level Annotations

Branches:
Dungeon (8/15)             Temple (0/1) D:7
   Lair: D:8-11

Altars:
Ashenzari
Cheibriados
Fedhas
Makhleb
Okawaru
Trog
Uskayaw
Vehumet
Zin

Shops:
D:5 *


Message History

You kill the steam dragon!
Cheibriados thoroughly appreciates the change of pace.
No target in view!
No target in view!
No target in view!
A komodo dragon comes into view.
A komodo dragon is nearby!
A komodo dragon is nearby!
A komodo dragon is nearby!
You completely miss the komodo dragon. You block the komodo dragon's attack.
You puncture the komodo dragon!
The komodo dragon is moderately wounded.
You block the komodo dragon's attack.
You hit the komodo dragon.
The komodo dragon is moderately wounded.
You block the komodo dragon's attack.
You barely miss the komodo dragon.
The komodo dragon is moderately wounded.
The komodo dragon bites you!
You puncture the komodo dragon!
The komodo dragon is heavily wounded.
You block the komodo dragon's attack.
You hit the komodo dragon.
The komodo dragon is heavily wounded.
The komodo dragon bites you! x2
* * * LOW HITPOINT WARNING * * *
You are too injured to fight recklessly!
You are too injured to fight recklessly!
Unknown command.
You barely miss the komodo dragon.
The komodo dragon is heavily wounded.
You block the komodo dragon's attack.
Unknown command.
Activating: Slouch (7% risk of failure)
Press: ? - help, Dir - look around, f - activate You can feel time thicken for a moment.
You can no longer step out of the flow of time.
Cheibriados lowers the support of your attributes as your movement quickens.
The komodo dragon bites you!!
You die...

## ####.###.#
#####.###ยงยงยง#
#.......l###...#
#.#######@# #D
##.# ### ##..#
##...# ##...)###
#.........#
#.........#
#.........#
########
#.........#
#......#######


You could see a komodo dragon.

Vanquished Creatures
  Pikel (D:8)
  Maggie (D:7)
  Prince Ribbit (D:7)
  2 steam dragons (D:8)
  A water moccasin (D:8)
  Duvessa (D:5)
  A sky beast (D:7)
  A black bear (D:8)
  An ice beast (D:5)
  An ogre (D:6)
  3 centaurs
  2 lemures (D:8)
  A phantom (D:3)
  3 scorpions
  A bullfrog (D:8)
  Dowan (D:5)
  3 howler monkeys
  2 hounds
  3 gnoll boudas
  An orc priest (D:4)
  A sleepcap (D:7)
  An iguana (D:6)
  5 orc wizards
  13 gnolls
  5 adders
  2 white imps
  2 ufetubi
  5 dart slugs
  18 orcs
  9 ball pythons
  5 endoplasms
  4 giant cockroaches
  7 hobgoblins
  10 jackals
  2 quokkas
  13 bats
  4 frilled lizards
  5 goblins
  6 kobolds
  2 rats
150 creatures vanquished.

Notes
Turn   | Place    | Note
-------+----------+-------------------------------------------
     0 | D:1      | Vomitron the Hill Orc Monk began the quest for the Orb.
     0 | D:1      | Reached XP level 1. HP: 19/19 MP: 1/1
   203 | D:1      | Reached XP level 2. HP: 27/27 MP: 2/2
   463 | D:1      | Reached skill level 1 in Armour
   578 | D:1      | Reached skill level 4 in Fighting
   582 | D:1      | Reached XP level 3. HP: 33/33 MP: 3/3
   723 | D:1      | Found a faded altar of an unknown god.
   777 | D:1      | Prayed at the altar of an unknown god.
   777 | D:1      | Became a worshipper of Cheibriados the Contemplative
   777 | D:1      | Reached * piety under Cheibriados
   777 | D:1      | Reached ** piety under Cheibriados
   882 | D:2      | Reached *** piety under Cheibriados
  1263 | D:2      | Reached skill level 1 in Shields
  1263 | D:2      | Reached skill level 1 in Invocations
  1263 | D:2      | Reached XP level 4. HP: 37/40 MP: 4/4
  1378 | D:3      | Found a radiant altar of Vehumet.
  1729 | D:3      | Reached skill level 1 in Polearms
  1729 | D:3      | Reached XP level 5. HP: 44/47 MP: 4/6
  1996 | D:3      | Found a bloodstained altar of Trog.
  2515 | D:4      | Noticed a phantom
  2527 | D:3      | Killed a phantom
  2634 | D:4      | Reached XP level 6. HP: 50/55 MP: 7/7
  2669 | D:4      | Reached **** piety under Cheibriados
  2994 | D:4      | Reached skill level 5 in Fighting
  3261 | D:4      | Found a glowing silver altar of Zin.
  3261 | D:4      | Found a burning altar of Makhleb.
  3262 | D:4      | Noticed a balrug
  3262 | D:4      | Noticed an angel
  3385 | D:5      | Entered Level 5 of the Dungeon
  3435 | D:5      | Reached XP level 7. HP: 25/61 MP: 3/9
  3644 | D:5      | Found an iron altar of Okawaru.
  3662 | D:5      | Found a hide-covered altar of Uskayaw.
  3752 | D:5      | Noticed Dowan
  3753 | D:5      | Noticed Duvessa
  3755 | D:5      | Killed Dowan
  3760 | D:5      | Killed Duvessa
  4069 | D:5      | Found a snail-covered altar of Cheibriados.
  4109 | D:5      | Found Voaxo's Assorted Antiques.
  4327 | D:6      | Identified the +6 whip of Wyma {flame, rC+ Int+2}
  4351 | D:6      | Reached XP level 8. HP: 70/70 MP: 11/11
  4354 | D:6      | Reached skill level 6 in Fighting
  4775 | D:6      | Reached skill level 5 in Invocations
  4985 | D:7      | Noticed Prince Ribbit
  4996 | D:7      | Killed Prince Ribbit
  5113 | D:7      | Noticed Maggie
  5121 | D:7      | Killed Maggie
  5122 | D:7      | Reached skill level 5 in Armour
  5122 | D:7      | Reached skill level 5 in Shields
  5230 | D:7      | Found a blossoming altar of Fedhas.
  5235 | D:7      | Found a staircase to the Ecumenical Temple.
  5255 | D:7      | Reached skill level 7 in Fighting
  5255 | D:7      | Reached XP level 9. HP: 72/79 MP: 13/13
  5411 | D:7      | Reached ***** piety under Cheibriados
  5412 | D:7      | Reached skill level 5 in Polearms
  5917 | D:8      | Found a broken altar of Ashenzari.
  5918 | D:8      | Noticed Pikel
  6011 | D:8      | Killed Pikel
  6336 | D:8      | Reached skill level 8 in Fighting
  6434 | D:8      | Noticed a komodo dragon
  6442 | D:8      | Slain by a komodo dragon

Illustrated notes

Levels and vault maps discovered:
D:1:      onia_arrival_pyramid, layout_loops_ring,
          ebering_ecumenical_altar_webs, nicolae_twisty_statue_hallways
D:2:      layout_loops_cross
D:3:      layout_loops_corners, mainiacjoe_overflow_alcove_2,
          lightli_temple_of_fire, serial_rivers, chequers_serial_rivers_marsh,
          chequers_serial_rivers_small_3, chequers_serial_rivers_small_a,
          chequers_serial_rivers_small_a, chequers_serial_rivers_room_a,
          chequers_serial_rivers_micro_b
D:4:      layout_loops_ring, grunt_temple_overflow_order_and_chaos_2,
          kennysheep_decorative_pillar, hangedman_abyss_or_decor_lesser_grid,
          nicolae_houndstooth_variations
D:5:      layout_rooms, kennysheep_slug_shrine, grunt_temple_overflow_open,
          serial_shops, shop, uniq_duvessa
D:6:      wander_river, layout_loops_ring, chequers_serial_rivers_small_a
D:7:      layout_basic, fedhas_altar_2, minmay_temple_entry_drinking_statues,
          serial_glass, glass_columns_a, glass_columns_b, feat_on_display,
          item_on_display_a, item_on_display_a, minmay_strange_pillars,
          kennysheep_generic_room_11, uniq_prince_ribbit1, uniq_maggie
D:8:      layout_rooms, minitemple, amcnicky_altar_gilded, erik_lair_dragon,
          uniq_pikel

Skill      XL: |  1  2  3  4  5  6  7  8  9 |
---------------+----------------------------+-----
Armour         | 1 2 3 4 5 6 |  6.5
Fighting       | 4 5 7 8 |  8.1
Long Blades    | 4 |  4.1
Shields        | 1 2 3 5 6 |  6.3
Invocations    | 1 2 3 4 6 7 |  7.5
Polearms       | 1 2 3 4 6 |  6.2
Dodging        | |  2.4

Action                     |  1- 3 |  4- 6 |  7- 9 || total
---------------------------+-------+-------+-------++-------
  Melee: Falchion          |    82 |       |       ||    82
         Spear             |    21 |   107 |     8 ||   136
         Trident           |       |       |   132 ||   132
 Invoke: Slouch            |       |     1 |     2 ||     3
    Use: Scroll            |       |     2 |    15 ||    17
   Stab: Distracted        |       |       |     4 ||     4
 Armour: Robe              |    18 |       |       ||    18
         Chain mail        |    30 |    63 |    75 ||   168
  Dodge: Dodged            |    68 |    51 |    62 ||   181
  Block: Tower shield      |       |       |    16 ||    16

Table legend: (Time is in decaauts)
 A = Elapsed time spent in this place.
 B = Non-inter-level travel time spent in this place.
 C = Inter-level travel time spent in this place.
 D = Time resting spent in this place.
 E = Time spent auto-exploring this place.
 F = Levels seen in this place.
 G = Mean time per level.
                   A        B        C        D        E       F      G
               +--------+--------+--------+--------+--------+-----+--------+
         Total |   9570 |   9149 |    421 |    332 |   7675 |   8 | 1196.2 |
       Dungeon |   9570 |   9149 |    421 |    332 |   7675 |   8 | 1196.2 |
               +--------+--------+--------+--------+--------+-----+--------+

Top non-repeatable levels by time:
     D:3: 1882 daAuts
     D:7: 1609 daAuts
     D:4: 1327 daAuts
     D:5: 1211 daAuts
     D:6: 1179 daAuts
     D:2: 884 daAuts
     D:1: 816 daAuts
     D:8: 659 daAuts
